 Dungeon Crawl Stone Soup version 0.31-a0-1308-ga3cce3a448 (webtiles) character file.

Game seed: 9256095508359029417

385 IdlyInterested the Ruffian (level 6, 0/70 HPs)
             Began as a Demonspawn Fighter on Dec 19, 2023.
             Succumbed to Duvessa's poison
             ... on level 4 of the Dungeon.
             The game lasted 00:12:31 (3241 turns).

IdlyInterested the Ruffian (Demonspawn Fighter)     Turns: 3241, Time: 00:12:32

Health: 0/70       AC: 23    Str: 17    XL:     6   Next: 48%
Magic:  1/6        EV:  2    Int:  8    God:
Gold:   435        SH:  5    Dex: 14    Spells: 5/5 levels left

rFire   . .          .
                       - Unarmed
rCold   . . .        c - +0 buckler
rNeg    . . .        b - melded +0 scale mail
rPois   +            (helmet currently unavailable)
rElec   .            (cloak currently unavailable)
rCorr   .            (gloves currently unavailable)
SInv    .            (boots currently unavailable)
Will    +....        h - amulet of guardian spirit
Stlth   +            g - ring of wizardry
HPRegen 0.31/turn    i - ring of willpower
MPRegen 0.10/turn

%: guardian spirit, wizardry (x1)
@: lethally poisoned (0 -> -14), tree-form, hasted, invisible, very quick
A: stationary, stasis, torment immunity, boosted hp, (claws 2), (molten scales
1), ignite blood 1
a: no special abilities


You were on level 4 of the Dungeon.
You were a tree.
You visited 1 branch of the dungeon, and saw 4 of its levels.
You also visited: Ossuary.

You collected 435 gold pieces.

Inventory:

Hand Weapons
 a - a +0 long sword
 o - a +0 rapier
 r - a +0 hand axe
 v - a +2 flail of protection
 x - a +2 spear of flaming
Missiles
 d - 10 stones (quivered)
 q - a boomerang
Armour
 b - a +0 scale mail (melded)
 c - a +0 buckler (worn)
 f - a +0 leather armour
Jewellery
 g - a ring of wizardry (left branch)
 h - an amulet of guardian spirit (around neck)
 i - a ring of willpower (right branch)
Talismans
 B - a blade talisman
Wands
 w - a wand of polymorph (9)
 C - a wand of paralysis (6)
Scrolls
 e - a scroll of immolation
 k - a scroll of brand weapon
 m - a scroll of amnesia
 n - a scroll of enchant weapon
 z - a scroll of acquirement {unknown}
Potions
 l - a potion of enlightenment
 A - a potion of curing {unknown}


   Skills:
 - Level 3.0 Fighting
 - Level 2.5 Long Blades
 - Level 3.0 Armour
 - Level 3.0 Dodging
 - Level 3.0 Shields
 + Level 4.2 Unarmed Combat
 * Level 0.1 Shapeshifting


You had 5 spell levels left.
You didn't know any spells.
Your spell library contained the following spells:

 Spells                   Type           Power      Damage    Failure   Level
 Magic Dart               Conj           0%         1d3       22%         1
 Sting                    Tmut/Pois      0%         1d3       22%         1
 Poisonous Vapours        Pois/Air       0%         N/A       32%         2
 Searing Ray              Conj           0%         2d4       32%         2
 Fulminant Prism          Conj/Hex       0%         3d5       89%         4
 Olgreb's Toxic Radiance  Pois           0%         N/A       89%         4


Dungeon Overview and Level Annotations

Branches:
Dungeon (4/15)            Ossuary (visited)
 Temple: D:4-7

Altars:
Dithmenos
Okawaru

Annotations:
D:4 Dowan, Duvessa


Innate Abilities, Weirdness & Mutations

You are a tree.
Your roots penetrate the ground, keeping you stationary.
You cannot be teleported.
You are immune to unholy pain and torment.
Your maximum health is greatly increased.
Your equipment is partially melded.
((You have very sharp fingernails.))
((You are partially covered in molten scales. (AC +2)))
Your demonic aura sometimes causes spilled blood to erupt in flames.


Message History

You scratch Duvessa.
Duvessa is moderately wounded.
You feel very sick.
Duvessa hits you with a +1 short sword of venom.
You barely miss Duvessa.
Duvessa is moderately wounded.
You feel sick.
Duvessa hits you with a +1 short sword of venom.
You are more poisoned.
You scratch Duvessa.
Duvessa is heavily wounded.
You feel very sick.
Duvessa hits you with a +1 short sword of venom.
You claw Duvessa!
Duvessa is severely wounded.
* * * LOW HITPOINT WARNING * * *
You feel very sick. You block Duvessa's attack.
It was a potion of haste.
You feel yourself speed up.
You feel sick. You block Duvessa's attack.
You scratch Duvessa.
Duvessa is severely wounded.
You feel sick.
You scratch Duvessa but do no damage.
Duvessa is severely wounded.
You feel sick.
Duvessa hits you with a +1 short sword of venom.
* * * LOW HITPOINT WARNING * * *
You are more poisoned.
It was a potion of invisibility.
You fade into invisibility!
* * * LOW HITPOINT WARNING * * *
You feel very sick. Duvessa barely misses you. Dowan casts a spell at you.
Duvessa easily resists.
It was a potion of lignification.
You turn into a tree.
Your +0 scale mail melds into your body.
Your roots penetrate the ground.
You die...

## #.# ##..# ### #...#
.(((.#####.#.#
#(ee♣.#.#.# #####...#.#
###.#.######
############..........#
#............###..###...
######.........#### ##.#
..............########.#
######..............##.#
#.......>......##.##


You could see Duvessa (wandering, unable to see you, poisoned) and Dowan (unable
to see you).

Vanquished Creatures
  An ogre (D:4)
  A scorpion (D:4)
  An orc priest (D:2)
  An iguana (D:4)
  An orc wizard (D:4)
  2 mummies (Ossuary)
  4 gnolls (D:4)
  2 adders
  2 dart slugs
  7 orcs (D:4)
  4 bats
  6 endoplasms
  A giant cockroach (D:3)
  5 gnoll zombies (Ossuary)
  2 hobgoblins
  2 jackals (D:3)
  6 quokkas
  A ball python (D:3)
  3 frilled lizards
  7 goblins
  4 goblin zombies (Ossuary)
  3 hobgoblin zombies (Ossuary)
  2 kobolds
  2 orc zombies (Ossuary)
  4 rats
74 creatures vanquished.

Notes
Turn   | Place    | Note
-------+----------+-------------------------------------------
     0 | D:1      | IdlyInterested the Demonspawn Fighter began the quest for
                  | the Orb.
     0 | D:1      | Reached XP level 1. HP: 18/18 MP: 1/1
    20 | D:1      | Noticed a minotaur skeleton
   189 | D:1      | Gained mutation: You have sharp fingernails. [demonic
                  | ancestry]
   189 | D:1      | Reached XP level 2. HP: 24/24 MP: 2/2
   359 | D:1      | Reached skill level 1 in Unarmed Combat
  1072 | D:2      | Reached XP level 3. HP: 17/29 MP: 1/3
  1143 | D:2      | Reached skill level 2 in Unarmed Combat
  1147 | D:2      | Gained mutation: You are partially covered in molten
                  | scales. (AC +2) [demonic ancestry]
  1147 | D:2      | Reached XP level 4. HP: 5/35 MP: 2/4
  1449 | D:2      | Found an iron altar of Okawaru.
  1705 | D:3      | Found a shadowy altar of Dithmenos.
  1734 | D:3      | Reached skill level 3 in Unarmed Combat
  2431 | D:4      | Noticed a scorpion
  2445 | D:4      | Noticed an ogre
  2447 | D:4      | Killed a scorpion
  2448 | D:4      | Reached skill level 1 in Dodging
  2448 | D:4      | Gained mutation: Your demonic aura sometimes causes spilled
                  | blood to erupt in flames. [demonic ancestry]
  2448 | D:4      | Reached XP level 5. HP: 21/41 MP: 5/5
  2457 | D:4      | Killed an ogre
  2458 | D:4      | Gained mutation: You have very sharp fingernails. [demonic
                  | ancestry]
  2458 | D:4      | Reached XP level 6. HP: 12/47 MP: 1/6
  2468 | D:4      | Reached skill level 4 in Unarmed Combat
  2548 | D:4      | Found a sand-covered staircase.
  2587 | Ossuary  | Entered an ossuary
  3223 | D:4      | Noticed Dowan
  3224 | D:4      | Noticed Duvessa
  3240 | D:4      | HP: 1/47 [poisoned by Duvessa]
  3241 | D:4      | Succumbed to Duvessa's poison

Illustrated notes

Levels and vault maps discovered:
D:1:      shiori_arrival_whats_in_store_for_you, layout_loops_ring,
          nicolae_houndstooth_variations
D:2:      layout_basic, basic_altar, minmay_split_cup_large
D:3:      layout_basic, mainiacjoe_overflow_six_doors_small,
          hangedman_decor_points, nicolae_concentric_dashed_squares_wild
D:4:      layout_rooms, chequers_ossuary_entry_cave, uniq_duvessa

Skill      XL: |  1  2  3  4  5  6 |
---------------+-------------------+-----
Long Blades    | 2 |  2.5
Unarmed Combat | 1 2 3 4 |  4.2
Armour         | 3 |  3.0
Dodging        | 1 2 3 |  3.0
Shields        | 3 |  3.0
Fighting       | |  3.0
Shapeshifting  | |  0.1

Action                     |  1- 3 |  4- 6 || total
---------------------------+-------+-------++-------
  Melee: Long sword        |    74 |    42 ||   116
         Unarmed           |       |   137 ||   137
  Throw: Dart              |       |     4 ||     4
         Stone             |       |     4 ||     4
    Use: Potion            |     1 |     5 ||     6
         Scroll            |       |     7 ||     7
 Armour: Scale mail        |    63 |   131 ||   194
  Dodge: Dodged            |    42 |    86 ||   128
  Block: Buckler           |    18 |    49 ||    67

Table legend: (Time is in decaauts)
 A = Elapsed time spent in this place.
 B = Non-inter-level travel time spent in this place.
 C = Inter-level travel time spent in this place.
 D = Time resting spent in this place.
 E = Time spent auto-exploring this place.
 F = Levels seen in this place.
 G = Mean time per level.
                   A        B        C        D        E       F      G
               +--------+--------+--------+--------+--------+-----+--------+
         Total |   3269 |   3003 |    266 |    465 |   1753 |   5 |  653.8 |
       Dungeon |   2883 |   2617 |    266 |    234 |   1692 |   4 |  720.8 |
       Ossuary |    386 |    386 |      0 |    231 |     61 |   1 |  386.0 |
               +--------+--------+--------+--------+--------+-----+--------+

Top non-repeatable levels by time:
     D:1: 842 daAuts
     D:2: 828 daAuts
     D:3: 788 daAuts
     D:4: 424 daAuts
 Ossuary: 386 daAuts
